 Dungeon Crawl Stone Soup version 0.30.1-11-g7821555f0a (webtiles) character file.

Game seed: 11632400067639669531

225 bnorton916 the Magician (level 5, 0/28 HPs)
             Began as a Deep Elf Fire Elementalist on Nov 21, 2023.
             Slain by a cerulean imp
             ... wielding a +1 spear
             ... summoned by Natasha
              (2 damage)
             ... on level 3 of the Dungeon.
             The game lasted 00:03:51 (4326 turns).

bnorton916 the Magician (DEFE)                      Turns: 4326, Time: 00:03:52

Health: 0/28       AC:  4    Str:  5    XL:     5   Next: 68%
Magic:  0/14       EV: 12    Int: 22    God:
Gold:   121        SH:  0    Dex: 15    Spells: 8/14 levels left

rFire   . . .        n - staff of conjuration
rCold   . . .        (no shield)
rNeg    . . .        a - +0 robe
rPois   .            (no helmet)
rElec   .            e - +0 cloak
rCorr   .            q - +0 pair of gloves
SInv    .            (no boots)
Will    .....        (no amulet)
Stlth   ++           (no ring)
HPRegen 0.24/turn    (no ring)
MPRegen 0.14/turn

%: no passive effects
@: no status effects
A: no striking features
a: no special abilities


You were on level 3 of the Dungeon.
You visited 1 branch of the dungeon, and saw 3 of its levels.

You collected 121 gold pieces.

Inventory:

Hand Weapons
 f - a +2 dagger of freezing
 r - a +0 dagger of venom
Armour
 a - a +0 robe (worn)
 e - a +0 cloak (worn)
 q - a +0 pair of gloves (worn)
Magical Staves
 n - a staff of conjuration (weapon)
Scrolls
 c - 2 scrolls of butterflies
 d - 2 scrolls of identify
 g - a scroll of noise {unknown}
 h - 4 scrolls of teleportation {unknown}
 i - a scroll of brand weapon {unknown}
 j - 3 scrolls of amnesia {unknown}
 l - 2 scrolls of vulnerability {unknown}
Potions
 b - a potion of magic
 k - 2 potions of curing {unknown}
 m - a potion of attraction
 o - a potion of degeneration {unknown}
 p - a potion of cancellation {unknown}
 s - a potion of mutation {unknown}


   Skills:
 - Level 2.4 Dodging
 - Level 2.4 Stealth
 + Level 5.3 Spellcasting
 + Level 3.5 Conjurations
 + Level 4.9 Fire Magic


You had 8 spell levels left.
You knew the following spells:

 Your Spells              Type           Power      Damage    Failure   Level
a - Foxfire               Conj/Fire      100%       2x1d9     1%          1
b - Scorch                Fire           54%        2d7       1%          2
c - Volatile Blastmotes   Fire/Tloc      32%        2d12      11%         3

Your spell library contained the following spells:

 Spells                   Type           Power      Damage    Failure   Level
 Momentum Strike          Conj/Tloc      40%        3d9       7%          2
 Inner Flame              Hex/Fire       16%        N/A       11%         3
 Blink                    Tloc           10%        N/A       16%         2
 Cigotuvi's Dreadful Rot  Necr/Pois/Air  10%        N/A       16%         2
 Lesser Beckoning         Tloc           10%        N/A       16%         2
 Ignite Poison            Fire/Tmut/Pois 13%        N/A       16%         3
 Flame Wave               Conj/Fire      36%        2d10      17%         4
 Freezing Cloud           Conj/Ice/Air   8%         6-21      86%         5


Dungeon Overview and Level Annotations

Branches:
Dungeon (3/15)

Altars:

Annotations:
D:3 Natasha


Message History

Casting: Scorch (safe; 1% risk of failure)
Confirm with . or Enter, or press ? or * to list all spells.
Flames lash Natasha.
Natasha resists.
Natasha is lightly wounded.
Natasha's fire resistance burns away.
Natasha mumbles some strange words.
The cerulean imp completely misses you.
The cerulean imp is no longer more vulnerable to fire.
Natasha claws you!
* * * LOW HITPOINT WARNING * * *
The cerulean imp barely misses you.
Natasha is no longer more vulnerable to fire.
Natasha attacks as you move away! Natasha closely misses you.
Natasha mumbles some strange words.
Natasha shimmers violently.
Natasha mumbles some strange words.
Natasha mumbles some strange words.
Natasha shimmers violently.
Casting: Scorch (safe; 1% risk of failure)
Confirm with . or Enter, or press ? or * to list all spells.
You feel a surge of power!
You conjure some foxfire!
The cerulean imp hits you from afar with a +0 spear.
* * * LOW HITPOINT WARNING * * *
Natasha barely misses you.
The foxfire hits Natasha but does no damage. x2
The cerulean imp hits you but does no damage.
Natasha closely misses you.
Unknown command.
Casting: Foxfire (safe; 1% risk of failure)
Confirm with . or Enter, or press ? or * to list all spells.
Flames lash Natasha.
Natasha resists.
Natasha is moderately wounded.
Natasha's fire resistance burns away.
The cerulean imp disappears in a puff of smoke!
Natasha casts a spell.
The cerulean imp misses you. Natasha claws you.
* * * LOW HITPOINT WARNING * * *
The cerulean imp hits you from afar with a +1 spear.
You die...

# #...##.# #. #.##.#
#...##.# #. #....#
#...##.####.
##+#.#..#####...#.......
#...........'...'.......
#........#.##...#.......
#........#.######.......
#....5...#.# ########
#......@.#.#
#......h.†.#
#.#####5#### #5§.5#
####5# #.# .5. ...[.
.......


You could see Natasha (resistant, combustible) and 3 cerulean imps.

Vanquished Creatures
  An ogre (D:3)
  A jelly (D:3)
  3 adders
  2 dart slugs
  8 ball pythons
  6 bats
  7 endoplasms
  2 giant cockroaches
  9 goblins
  8 hobgoblins
  7 jackals
  6 kobolds
  2 quokkas (D:1)
  10 frilled lizards
  9 rats
81 creatures vanquished.

Vanquished Creatures (collateral kills)
  A foxfire (D:2)
1 creature vanquished.

Vanquished Creatures (others)
  342 foxfires
342 creatures vanquished.

Grand Total: 424 creatures vanquished

Notes
Turn   | Place    | Note
-------+----------+-------------------------------------------
     0 | D:1      | bnorton916 the Deep Elf Fire Elementalist began the quest
                  | for the Orb.
     0 | D:1      | Reached XP level 1. HP: 10/10 MP: 6/6
   337 | D:1      | Reached XP level 2. HP: 15/15 MP: 6/8
  1469 | D:1      | Reached XP level 3. HP: 19/19 MP: 6/10
  1521 | D:1      | Learned a level 2 spell: Scorch
  1965 | D:2      | Reached skill level 4 in Spellcasting
  2944 | D:2      | Reached XP level 4. HP: 24/24 MP: 10/12
  3413 | D:3      | Noticed an ogre
  3421 | D:3      | HP: 1/24 [jackal (1)]
  3930 | D:3      | Learned a level 3 spell: Volatile Blastmotes
  4025 | D:3      | Killed an ogre
  4026 | D:3      | Reached skill level 5 in Spellcasting
  4026 | D:3      | Reached XP level 5. HP: 28/28 MP: 4/14
  4302 | D:3      | Noticed Natasha
  4326 | D:3      | Slain by a cerulean imp

Illustrated notes

Levels and vault maps discovered:
D:1:      lightli_arrival_maybe_door_vault, layout_loops_corners,
          patterned_corridor
D:2:      layout_basic, lexackson_kobold_supper
D:3:      layout_basic, minmay_circle_x, uniq_natasha

Skill      XL: |  1  2  3  4 |
---------------+-------------+-----
Conjurations   | 2 3 |  3.5
Spellcasting   | 4 5 |  5.3
Fire Magic     | 4 |  4.9
Dodging        | |  2.4
Stealth        | |  2.4

Action                     |  1- 3 |  4- 6 || total
---------------------------+-------+-------++-------
  Melee: Staff             |     1 |       ||     1
   Cast: Foxfire           |   148 |    57 ||   205
         Scorch            |     1 |     8 ||     9
    Use: Scroll            |       |     2 ||     2
         Potion            |       |     1 ||     1
 Armour: Robe              |     9 |     7 ||    16
  Dodge: Dodged            |    17 |    33 ||    50
